 Dungeon Crawl Stone Soup version 0.31-a0-1338-gb567cfdca4 (webtiles) character file.

Game seed: 3719106454593362518

320 pokeman the Magician (level 6, 0/34 HPs)
             Began as a Deep Elf Hedge Wizard on Dec 22, 2023.
             Was an Initiate of Vehumet.
             Incinerated by a bombardier beetle (5 damage)
             ... with a burning spray
             ... on level 4 of the Dungeon.
             The game lasted 00:07:05 (4165 turns).

pokeman the Magician (Deep Elf Hedge Wizard)        Turns: 4165, Time: 00:07:05

Health: 0/34       AC:  5    Str: 13    XL:     6   Next: 22%
Magic:  11/17      EV: 13    Int: 21    God:    Vehumet [......]
Gold:   160        SH:  0    Dex: 14    Spells: 5/18 levels left

rFire   . . .        j - +1 spear (heavy)
rCold   . . .        (no shield)
rNeg    . . .        t - +2 robe {Will+}
rPois   .            c - +0 hat
rElec   .            h - +0 cloak
rCorr   .            (no gloves)
SInv    .            (no boots)
Will    +....        (no amulet)
Stlth   +            i - +6 ring of strength
HPRegen 0.25/turn    (no ring)
MPRegen 0.15/turn

%: no passive effects
@: on fire, glowing
A: no striking features
a: Renounce Religion


You were on level 4 of the Dungeon.
You worshipped Vehumet.
Vehumet was noncommittal.
You visited 1 branch of the dungeon, and saw 4 of its levels.

You collected 160 gold pieces.

Inventory:

Hand Weapons
 j - a +1 heavy spear (weapon)
Missiles
 l - a throwing net
Armour
 c - a +0 hat (worn)
 h - a +0 cloak (worn)
 t - a +2 robe of willpower (worn)
Jewellery
 i - a +6 ring of strength (left hand)
Scrolls
 a - 2 scrolls of summoning {unknown}
 e - 2 scrolls of fear {unknown}
 f - 8 scrolls of identify {unknown}
 g - 2 scrolls of vulnerability {unknown}
 p - 2 scrolls of poison {unknown}
 r - a scroll of fog {unknown}
 s - a scroll of silence {unknown}
 u - 2 scrolls of teleportation {unknown}
 v - a scroll of amnesia {unknown}
 w - a scroll of enchant armour {unknown}
 x - a scroll of immolation {unknown}
Potions
 b - a potion of attraction {unknown}
 d - a potion of magic
 k - a potion of curing {unknown}
 m - a potion of brilliance {unknown}
 n - a potion of invisibility {unknown}
 o - 2 potions of enlightenment {unknown}
 q - a potion of might {unknown}
 z - a potion of lignification {unknown}


   Skills:
 + Level 1.0 Fighting
 - Level 1.0 Armour
 - Level 3.2 Dodging
 - Level 3.3 Stealth
 * Level 6.8 Spellcasting
 + Level 3.1 Conjurations
 - Level 1.1 Summonings
 - Level 1.1 Translocations
 - Level 1.0 Air Magic
 + Level 0.7 Earth Magic
 - Level 1.0 Alchemy


You had 5 spell levels left.
You knew the following spells:

 Your Spells              Type           Power      Damage    Failure   Level
a - Magic Dart            Conj           80%        1d7       2%          1
b - Mephitic Cloud        Conj/Alch/Air  14%        N/A       13%         3
c - Call Imp              Summ           22%        N/A       9%          2
d - Blink                 Tloc           22%        N/A       9%          2
e - Lee's Rapid Deconstr  Erth           5%         3d6*      88%         5

Your spell library contained the following spells:

 Spells                   Type           Power      Damage    Failure   Level
 Shock                    Conj/Air       60%        1d6       3%          1
 Freeze                   Ice            28%        1d5       9%          1
 Slow                     Hex            28%        N/A       9%          1
 Passwall                 Alch/Erth      8%         N/A       10%         2
 Cigotuvi's Dreadful Rot  Necr/Alch/Air  20%        N/A       11%         2
 Ensorcelled Hibernation  Hex/Ice        14%        N/A       14%         2
 Hailstorm                Conj/Ice       13%        3d6       14%         3
 Swiftness                Air            11%        N/A       19%         3
 Frozen Ramparts          Ice            14%        1d3       26%         3
 Summon Lightning Spire   Summ/Air       11%        N/A       50%         4
 Airstrike                Air            5%         2d(1-17)  52%         4
 Animate Armour           Summ/Erth      22%        N/A       52%         4


Dungeon Overview and Level Annotations

Branches:
Dungeon (4/15)
 Temple: D:4-7

Altars:
Elyvilon
Vehumet

Shops:
D:2 !


Message History

Aiming: Magic Dart (safe; 2% risk of failure)
Press: ? - help, Shift-Dir - straight line, f/p - bombardier beetle
Aim: a bombardier beetle (severely wounded, 100% to hit)
The magic dart hits the bombardier beetle but does no damage.
The bombardier beetle is severely wounded.
The bombardier beetle sprays incendiary fluid at you.
The burning spray hits you.
You are covered in liquid fire!
Casting: Magic Dart (safe; 2% risk of failure)
Confirm with . or Enter, or press ? or * to list all spells.
Aiming: Magic Dart (safe; 2% risk of failure)
Press: ? - help, Shift-Dir - straight line, f/p - bombardier beetle
Aim: a bombardier beetle (severely wounded, 100% to hit)
The magic dart hits the bombardier beetle.
The bombardier beetle is almost dead.
The liquid fire burns you!
Casting: Magic Dart (safe; 2% risk of failure)
Confirm with . or Enter, or press ? or * to list all spells.
Aiming: Magic Dart (safe; 2% risk of failure)
Press: ? - help, Shift-Dir - straight line, f/p - bombardier beetle
Aim: a bombardier beetle (almost dead, 100% to hit)
The magic dart hits the bombardier beetle.
You kill the bombardier beetle!
Vehumet accepts your kill. The liquid fire burns you!
You are on fire!
You are on fire!
There are no items here.
There are no items here.
You are on fire!
The liquid fire burns you! The liquid fire burns you!
The liquid fire burns you! The liquid fire burns you!
The liquid fire burns you!
* * * LOW HITPOINT WARNING * * *
The liquid fire burns you!
* * * LOW HITPOINT WARNING * * *
The liquid fire burns you!
You die...

#...########.######
#...# ##...# ## #...#
#..#######. #...#
#.......... #####
###########
###############
.#########......).......
.......@...#############
.....####### ... #


There were no monsters in sight!

Vanquished Creatures
  A centaur (D:4)
  A kobold brigand (D:3)
  Jessica (D:3)
  A gnoll (D:1)
  4 adders
  A bombardier beetle (D:4)
  3 worms (D:3)
  2 dart slugs
  10 orcs (D:3)
  5 endoplasms
  2 giant cockroaches
  7 goblins
  4 hobgoblins
  3 jackals (D:1)
  7 kobolds
  3 quokkas
  2 ball pythons
  7 bats
  5 frilled lizards (D:1)
  7 rats
76 creatures vanquished.

Notes
Turn   | Place    | Note
-------+----------+-------------------------------------------
     0 | D:1      | pokeman the Deep Elf Hedge Wizard began the quest for the
                  | Orb.
     0 | D:1      | Reached XP level 1. HP: 10/10 MP: 7/7
   262 | D:1      | Reached XP level 2. HP: 15/15 MP: 4/9
   755 | D:1      | Reached skill level 5 in Spellcasting
  1136 | D:1      | Reached XP level 3. HP: 20/20 MP: 3/11
  1140 | D:1      | Learned a level 3 spell: Mephitic Cloud
  1143 | D:1      | Learned a level 2 spell: Call Imp
  1146 | D:1      | Learned a level 2 spell: Blink
  1471 | D:2      | Found Witsizemp's Distillery.
  1590 | D:2      | Reached skill level 1 in Armour
  1628 | D:2      | Reached skill level 1 in Fighting
  2185 | D:2      | Reached XP level 4. HP: 25/25 MP: 11/13
  2417 | D:3      | Noticed Jessica
  2423 | D:3      | Killed Jessica
  2789 | D:3      | Noticed a kobold brigand
  2812 | D:3      | Killed a kobold brigand
  2813 | D:3      | Reached skill level 6 in Spellcasting
  2813 | D:3      | Reached XP level 5. HP: 29/29 MP: 3/15
  3689 | D:3      | Found a radiant altar of Vehumet.
  3697 | D:3      | Became a worshipper of Vehumet
  3783 | D:3      | Found a white marble altar of Elyvilon.
  3796 | D:3      | Learned a level 5 spell: Lee's Rapid Deconstruction
  3955 | D:4      | Noticed a centaur
  3964 | D:4      | Killed a centaur
  3965 | D:4      | Reached skill level 1 in Air Magic
  3965 | D:4      | Reached skill level 1 in Alchemy
  3965 | D:4      | Reached XP level 6. HP: 34/34 MP: 9/17
  4165 | D:4      | Incinerated by a bombardier beetle

Illustrated notes

Levels and vault maps discovered:
D:1:      wander_arrival_abandoned_jail, layout_basic
D:2:      layout_basic, serial_shops, nicolae_shop_industrial_runoff
D:3:      layout_loops_corners, mainiacjoe_overflow_alcove_1,
          nicolae_elyvilon_temple_path, minmay_misc_feat_tower,
          minmay_misc_feat_more_columns, minmay_circle_x, uniq_jessica
D:4:      layout_rooms, zin_scriptorium

Skill      XL: |  1  2  3  4  5 |
---------------+----------------+-----
Spellcasting   | 5 6 |  6.8
Armour         | 1 |  1.0
Fighting       | 1 |  1.0
Conjurations   | 2 3 |  3.1
Dodging        | 3 |  3.2
Stealth        | 3 |  3.3
Air Magic      | 1 |  1.0
Alchemy        | 1 |  1.0
Summonings     | |  1.1
Translocations | |  1.1
Earth Magic    | |  0.7

Action                     |  1- 3 |  4- 6 || total
---------------------------+-------+-------++-------
  Melee: Dagger            |    21 |       ||    21
         Spear             |       |    49 ||    49
   Cast: Magic Dart        |    98 |    99 ||   197
         Mephitic Cloud    |     1 |     4 ||     5
         Call Imp          |     1 |     1 ||     2
   Stab: Confused          |       |     4 ||     4
         Sleeping          |       |     1 ||     1
 Armour: Robe              |    29 |    38 ||    67
  Dodge: Dodged            |    46 |    31 ||    77

Table legend: (Time is in decaauts)
 A = Elapsed time spent in this place.
 B = Non-inter-level travel time spent in this place.
 C = Inter-level travel time spent in this place.
 D = Time resting spent in this place.
 E = Time spent auto-exploring this place.
 F = Levels seen in this place.
 G = Mean time per level.
                   A        B        C        D        E       F      G
               +--------+--------+--------+--------+--------+-----+--------+
         Total |   4195 |   4094 |    101 |      6 |   3530 |   4 | 1048.8 |
       Dungeon |   4195 |   4094 |    101 |      6 |   3530 |   4 | 1048.8 |
               +--------+--------+--------+--------+--------+-----+--------+

Top non-repeatable levels by time:
     D:3: 1641 daAuts
     D:1: 1368 daAuts
     D:2: 868 daAuts
     D:4: 317 daAuts
